 Seeded DCSS version 0.31-a0-1612-g4aaf141004 (webtiles) character file.

Game seed: 560841995258110699 (custom seed)

6 Esekla the Grave Robber (level 2, -1/19 HPs)
             Began as a Formicid Necromancer on Jan 9, 2024.
             Was an Initiate of Ashenzari.
             Slain by an iguana (8 damage)
             ... on level 6 of the Dungeon.
             The game lasted 00:05:39 (504 turns).

Esekla the Grave Robber (Formicid Necromancer)       Turns: 504, Time: 00:05:40

Health: -1/19      AC:  2    Str: 12    XL:     2   Next: 0%
Magic:  5/5        EV: 12    Int: 14    God:    Ashenzari [......]
Gold:   56         SH:  0    Dex: 18    Spells: 4/5 levels left

rFire   . . .        f - +6 dagger of Jeidgharr {heavy, Dex+4}
rCold   . . .        (no shield)
rNeg    . . .        a - +0 robe
rPois   .            (helmet unavailable)
rElec   .            (no cloak)
rCorr   .            (no gloves)
SInv    +            (no boots)
Will    .....        (no amulet)
Stlth   ++           (no ring)
HPRegen 0.23/turn    (no ring)
MPRegen 0.09/turn

%: no passive effects
@: no status effects
A: permanent stasis, dig shafts and tunnels, antennae 3, four strong arms
a: Dig, Shaft Self, Renounce Religion


You were on level 6 of the Dungeon.
You worshipped Ashenzari.
Ashenzari was noncommittal.
You visited 2 branches of the dungeon, and saw 8 of its levels.

You collected 56 gold pieces.

Inventory:

Hand Weapons
 f - the +6 dagger of Jeidgharr (weapon) {heavy, Dex+4}
   (You found it on level 3 of the Dungeon)

   Dex+4:     It affects your dexterity (+4).
Armour
 a - a +0 robe (worn)
Scrolls
 e - 3 scrolls of noise {unknown}
Potions
 b - a potion of magic
 c - a potion of lignification {unknown}
 d - 2 potions of experience {unknown}
 g - a potion of curing {unknown}


   Skills:
 * Level 0.2 Fighting
 * Level 0.3 Polearms
 * Level 0.2 Armour
 + Level 1.7 Dodging
 + Level 2.4 Stealth
 * Level 2.2 Spellcasting
 + Level 4.1 Necromancy


You had 4 spell levels left.
You knew the following spells:

 Your Spells              Type           Power      Damage    Failure   Level
a - Necrotise             Necr           52%        1d6       4%          1

Your spell library contained the following spells:

 Spells                   Type           Power      Damage    Failure   Level
 Vampiric Draining        Necr           13%        2d6       13%         3
 Animate Dead             Necr           13%        N/A       38%         4
 Curse of Agony           Necr           13%        N/A       75%         5


Dungeon Overview and Level Annotations

Branches:
Dungeon (8/15)             Temple (1/1) D:7
   Lair: D:8-11

Altars:
Ashenzari
Cheibriados
Elyvilon
Gozag
Hepliaklqana
Kikubaaqudgha
Makhleb
Okawaru
Qazlal
Ru
Sif Muna
Trog
Uskayaw
Vehumet
Xom
Yredelemnul
Zin
The Shining One


Innate Abilities, Weirdness & Mutations

You cannot be hasted, slowed, berserked, paralysed or teleported.
You can dig through walls and to a lower floor.
You have a pair of large antennae on your head. (SInv)
Your four strong arms can wield two-handed weapons with a shield.


Message History

a +0 dagger; an orc corpse The ogre shouts!
Found a stone staircase leading down.
There is a staircase to the Ecumenical Temple here.
You climb downwards.
Welcome to the Ecumenical Temple!
Found a burning altar of Makhleb.
Found a staircase back to the Dungeon.
There is a staircase back to the Dungeon here.
Found a sacrificial altar of Ru and a glowing golden altar of the Shining One.
There is a sacrificial altar of Ru here.
Found a hazy altar of Hepliaklqana.
Found a snail-covered altar of Cheibriados.
Found a glowing silver altar of Zin.
Found a hide-covered altar of Uskayaw.
Found a broken altar of Ashenzari.
Found an iron altar of Okawaru.
There is a broken altar of Ashenzari here.
You kneel at the altar of Ashenzari.
Ashenzari welcomes you!
Ashenzari warns you of distant threats and treasures.
Ashenzari shows you where magical portals lie.
Found a radiant altar of Vehumet.
There is a staircase back to the Dungeon here.
You climb upwards.
Welcome back to the Dungeon!
There is a staircase to the Ecumenical Temple here.
The wyvern hisses angrily.
There is a stone staircase leading up here.
You climb upwards.
Found a robe.
There is a stone staircase leading down here.
Found 10 gold pieces.
Found a great mace.
Found an opulent altar of Gozag.
You now have 56 gold pieces (gained 10).
An iguana comes into view.
The iguana hisses angrily.
The iguana bites you!
You closely miss the iguana. The iguana bites you.
You hit the iguana.
The iguana is lightly wounded.
The iguana bites you. The iguana bites you!
You die...

#..)....##
#........##
#.....##..###
##...#####....
## #....# ##...
#.. ###..#.#
#...
##..###....#.#
##...
#.......##...#
##.###
..#...@###....#
#.## ####l.#
...#.# ###
###...##### #.#
###


You could see an iguana.

Vanquished Creatures
  3 orcs
3 creatures vanquished.

Notes
Turn   | Place    | Note
-------+----------+-------------------------------------------
     0 | D:1      | Esekla the Formicid Necromancer began the quest for the
                  | Orb.
     0 | D:1      | Reached XP level 1. HP: 13/13 MP: 3/3
    27 | D:1      | You fall into a shaft and drop 1 floor!
   105 | D:2      | You fall into a shaft and drop 1 floor!
   106 | D:3      | Identified the +6 dagger of Jeidgharr {heavy, Dex+4}
   157 | D:3      | You fall into a shaft and drop 2 floors!
   157 | D:5      | Entered Level 5 of the Dungeon
   157 | D:5      | Found a basalt altar of Yredelemnul.
   159 | D:5      | Found a stormy altar of Qazlal.
   167 | D:5      | You fall into a shaft and drop 2 floors!
   233 | D:7      | Found a staircase to the Ecumenical Temple.
   237 | D:7      | Noticed an ogre
   237 | D:7      | Noticed a wyvern
   340 | D:7      | Reached XP level 2. HP: 12/19 MP: 5/5
   358 | Temple   | Entered the Ecumenical Temple
   377 | Temple   | Became a worshipper of Ashenzari the Shackled
   487 | D:6      | Found an opulent altar of Gozag.
   504 | D:6      | Slain by an iguana

Illustrated notes

Levels and vault maps discovered:
D:1:      ncdulo_smallfort, layout_loops_cross
D:2:      layout_loops_cross, ebering_ecumenical_altar_sacrificial
D:3:      minmay_skewed_foursquare, layout_basic, serial_bayou_pond_a
D:5:      layout_cave_pools, nicolae_overflow_hallway_of_the_gods,
          mainiacjoe_sewer_entry_somewhere_in_here_2
D:6:      layout_layer_cave, grunt_gozag_statues, serial_shops, shop,
          uniq_crazy_yiuf_cottage
D:7:      layout_rooms, minmay_temple_entry_overgrown
D:8:      layout_basic, uniq_joseph, uniq_maggie
Temple:   eino_wide_crystal_templ

Action                     || total
---------------------------++-------
  Melee: Dagger            ||     7
         Unarmed           ||     1
Ability: Shaft Self        ||     4
 Armour: Robe              ||    13
  Dodge: Dodged            ||     7

Table legend: (Time is in decaauts)
 A = Elapsed time spent in this place.
 B = Non-inter-level travel time spent in this place.
 C = Inter-level travel time spent in this place.
 D = Time resting spent in this place.
 E = Time spent auto-exploring this place.
 F = Levels seen in this place.
 G = Mean time per level.
                   A        B        C        D        E       F      G
               +--------+--------+--------+--------+--------+-----+--------+
         Total |    506 |    506 |      0 |     59 |      0 |   8 |   63.2 |
       Dungeon |    471 |    471 |      0 |     59 |      0 |   7 |   67.3 |
        Temple |     34 |     34 |      0 |      0 |      0 |   1 |   34.0 |
               +--------+--------+--------+--------+--------+-----+--------+

Top non-repeatable levels by time:
     D:7: 117 daAuts
     D:6: 103 daAuts
     D:8: 85 daAuts
     D:2: 77 daAuts
     D:3: 51 daAuts
  Temple: 34 daAuts
     D:1: 27 daAuts
     D:5: 9 daAuts
